| TOP OF THE 1ST |
|
Mobile Bears batting - Pitching for Jacksonville Suns : RHP Allan Ramirez
|
|
Pitching: RHP Allan Ramirez
|
|
|
Batting: LHB Jeffrey Szczecinski
|
0-0: Called Strike 0-1: Reached on error, E4 (Groundball, 4MD, EV 108.1 MPH)
|
|
Batting: RHB Bob Hendershot
|
0-0: Called Strike 0-1: Ball 1-1: Foul Ball, location: 2F 1-2: Ball 2-2: Strikes out looking Jeffrey Szczecinski steals 2nd base Batter strikes out.
|
|
Batting: LHB Franklin Stubbs
|
0-0: Ground out 6-3 (Groundball, 6, EV 92.5 MPH) Jeffrey Szczecinski to third
|
|
Batting: SHB Dave Cochrane
|
0-0: 2-RUN HOME RUN (Line Drive, 89XD, EV 98.1 MPH), Distance : 407 ft
|
|
Batting: LHB Ken Smith
|
0-0: Foul Ball, location: 2F 0-1: SINGLE (Groundball, 34S, EV 80.0 MPH) (infield hit)
|
|
Batting: SHB Paul Hundhammer
|
0-0: Ball 1-0: Ground out 4-3 (Groundball, 4, EV 80.0 MPH)
|
| Top of the 1st over - 2 runs, 2 hits, 1 error, 1 left on base; Mobile 2 - Jacksonville 0 |
| BOTTOM OF THE 1ST |
|
Jacksonville Suns batting - Pitching for Mobile Bears : RHP Antonio Morales
|
|
Pitching: RHP Antonio Morales
|
|
|
Batting: SHB Rafael Landestoy
|
0-0: Called Strike 0-1: Ball 1-1: Ball 2-1: Called Strike 2-2: Ball 3-2: Foul Ball, location: 2F 3-2: Ground out U3 (Groundball, 3L, EV 91.3 MPH)
|
|
Batting: RHB Lyle Brackenridge
|
0-0: SINGLE (Flyball, 4D, EV 98.1 MPH)
|
|
Batting: LHB Andy Carlton
|
0-0: Ball Lyle Brackenridge is caught stealing 2nd base 2-6 1-0: Ball 2-0: Ball 3-0: Called Strike 3-1: Called Strike 3-2: Fly out, F7 (Flyball, 7, EV 90.0 MPH)
|
| Bottom of the 1st over - 0 runs, 1 hit, 0 errors, 0 left on base; Mobile 2 - Jacksonville 0 |
| TOP OF THE 2ND |
|
Mobile Bears batting - Pitching for Jacksonville Suns : RHP Allan Ramirez
|
|
Batting: LHB Douglas Latrenta
|
0-0: Ball 1-0: Ball 2-0: Ball 3-0: Base on Balls
|
|
Batting: RHB Alfred Welch
|
0-0: Ball 1-0: Foul Ball, location: 2F 1-1: SINGLE (Groundball, 4MD, EV 96.9 MPH) (infield hit) Douglas Latrenta to second
|
|
Batting: RHB Jim Opie
|
0-0: Called Strike 0-1: Ball 1-1: Called Strike 1-2: Fielders Choice at 2nd, 5-4 (Groundball, 56, EV 83.8 MPH) Douglas Latrenta to third
|
|
Batting: LHB Jeffrey Szczecinski
|
0-0: Ball 1-0: Foul Ball, location: 2F 1-1: Grounds into double play, 4-6-3 (Groundball, 4D, EV 106.9 MPH)
|
| Top of the 2nd over - 0 runs, 1 hit, 0 errors, 1 left on base; Mobile 2 - Jacksonville 0 |
| BOTTOM OF THE 2ND |
|
Jacksonville Suns batting - Pitching for Mobile Bears : RHP Antonio Morales
|
|
Batting: RHB Edward Packard
|
0-0: Called Strike 0-1: Ball 1-1: Foul Ball, location: 2F 1-2: Ball 2-2: Ground out 6-3 (Groundball, 6, EV 86.3 MPH)
|
|
Batting: LHB Pete M O'Brien
|
0-0: Foul Ball, location: 2F 0-1: Fly out, F8 (Flyball, 8RM, EV 72.5 MPH)
|
|
Batting: LHB Donald Elliott
|
0-0: Foul Ball, location: 2F 0-1: Ground out 5-3 (Groundball, 56S, EV 66.9 MPH)
|
| Bottom of the 2nd over - 0 runs, 0 hits, 0 errors, 0 left on base; Mobile 2 - Jacksonville 0 |
| TOP OF THE 3RD |
|
Mobile Bears batting - Pitching for Jacksonville Suns : RHP Allan Ramirez
|
|
Batting: RHB Bob Hendershot
|
0-0: Fly out, F8 (Flyball, 8LS, EV 78.8 MPH)
|
|
Batting: LHB Franklin Stubbs
|
0-0: Ball 1-0: Ball 2-0: Ball 3-0: Called Strike 3-1: Base on Balls
|
|
Batting: SHB Dave Cochrane
|
0-0: Ball 1-0: Ball 2-0: Ball 3-0: Swinging Strike 3-1: Called Strike 3-2: Base on Balls Franklin Stubbs to second
|
|
Batting: LHB Ken Smith
|
0-0: Called Strike 0-1: Foul Ball, location: 2F 0-2: Ball 1-2: Foul Ball, location: 2F 1-2: Strikes out swinging
|
|
Batting: SHB Paul Hundhammer
|
0-0: Ball 1-0: Ball 2-0: Ball 3-0: Base on Balls Franklin Stubbs to third Dave Cochrane to second
|
|
Batting: LHB Douglas Latrenta
|
0-0: Ball 1-0: Ball 2-0: Ball 3-0: Called Strike 3-1: Base on Balls Franklin Stubbs scores Dave Cochrane to third Paul Hundhammer to second
|
|
Batting: RHB Alfred Welch
|
0-0: Ball 1-0: Foul Ball, location: 2F 1-1: Foul Ball, location: 2F 1-2: Ball 2-2: Ball 3-2: Strikes out swinging
|
| Top of the 3rd over - 1 run, 0 hits, 0 errors, 3 left on base; Mobile 3 - Jacksonville 0 |
| BOTTOM OF THE 3RD |
|
Jacksonville Suns batting - Pitching for Mobile Bears : RHP Antonio Morales
|
|
Batting: LHB Michael Kelly
|
0-0: Called Strike 0-1: Ball 1-1: Ground out 3-1 (Groundball, 3D, EV 87.5 MPH)
|
|
Batting: SHB Joe Morales
|
0-0: Ball 1-0: Called Strike 1-1: Ball 2-1: Swinging Strike 2-2: Ball 3-2: Ground out 4-3 (Groundball, 34, EV 83.8 MPH)
|
|
Batting: RHB Henry Powell
|
0-0: Foul Ball, location: 2F 0-1: Ball 1-1: Ball 2-1: Ground out 1-3 (Groundball, 34S, EV 66.9 MPH)
|
| Bottom of the 3rd over - 0 runs, 0 hits, 0 errors, 0 left on base; Mobile 3 - Jacksonville 0 |
| TOP OF THE 4TH |
|
Mobile Bears batting - Pitching for Jacksonville Suns : RHP Allan Ramirez
|
|
Batting: RHB Jim Opie
|
0-0: Ball 1-0: Called Strike 1-1: Swinging Strike 1-2: Foul Ball, location: 2F 1-2: SINGLE (Groundball, 4MD, EV 97.5 MPH)
|
|
Batting: LHB Jeffrey Szczecinski
|
0-0: Ball 1-0: Ball 2-0: Swinging Strike 2-1: Called Strike 2-2: Ball 3-2: Base on Balls Jim Opie to second
|
|
Batting: RHB Bob Hendershot
|
0-0: Ball 1-0: Called Strike 1-1: Fly out, F7 (Flyball, 7, EV 81.9 MPH) Runner from 2nd tags up, SAFE at 3rd with throw by LF
|
|
Batting: LHB Franklin Stubbs
|
0-0: Ball 1-0: Called Strike 1-1: Ball 2-1: Ball 3-1: SINGLE (Line Drive, 56D, EV 105.0 MPH) Jim Opie scores Jeffrey Szczecinski to second
|
|
Batting: SHB Dave Cochrane
|
0-0: Ball Jeffrey Szczecinski steals 3rd base Franklin Stubbs to second 1-0: SINGLE (Line Drive, 89S, EV 103.1 MPH) Jeffrey Szczecinski scores Franklin Stubbs to third Runner from 3rd tries for Home, throw by RF and OUT! 9-2 Dave Cochrane to second
|
|
Batting: LHB Ken Smith
|
0-0: Called Strike 0-1: Foul Ball, location: 2F 0-2: Strikes out looking
|
| Top of the 4th over - 2 runs, 3 hits, 0 errors, 1 left on base; Mobile 5 - Jacksonville 0 |
| BOTTOM OF THE 4TH |
|
Jacksonville Suns batting - Pitching for Mobile Bears : RHP Antonio Morales
|
|
Batting: SHB Rafael Landestoy
|
0-0: Called Strike 0-1: Ball 1-1: Ball 2-1: Ball 3-1: Called Strike 3-2: Foul Ball, location: 2F 3-2: Foul Ball, location: 2F 3-2: Foul Ball, location: 2F 3-2: Base on Balls
|
|
Batting: RHB Lyle Brackenridge
|
0-0: Ball 1-0: Ball Passed Ball! Rafael Landestoy to second 2-0: Ball 3-0: Base on Balls
|
|
Batting: LHB Andy Carlton
|
0-0: Ball 1-0: Swinging Strike 1-1: Ball 2-1: Ball 3-1: Called Strike 3-2: SINGLE (Groundball, 34D, EV 94.4 MPH) Rafael Landestoy to third Lyle Brackenridge to second Runner from 3rd tries for Home, SAFE, throw by RF to home
|
|
Batting: RHB Edward Packard
|
0-0: Grounds into double play, 4-6-3 (Groundball, 4, EV 106.3 MPH) Lyle Brackenridge to third
|
|
Batting: LHB Pete M O'Brien
|
0-0: Called Strike 0-1: Ball 1-1: Called Strike 1-2: Ground out U3 (Groundball, 3L, EV 86.3 MPH)
|
| Bottom of the 4th over - 1 run, 1 hit, 0 errors, 1 left on base; Mobile 5 - Jacksonville 1 |
| TOP OF THE 5TH |
|
Mobile Bears batting - Pitching for Jacksonville Suns : RHP Allan Ramirez
|
|
Batting: SHB Paul Hundhammer
|
0-0: Called Strike 0-1: Ball 1-1: Called Strike 1-2: Ball 2-2: Strikes out looking
|
|
Batting: LHB Douglas Latrenta
|
0-0: Called Strike 0-1: Called Strike 0-2: Ball 1-2: Foul Ball, location: 2F 1-2: Foul Ball, location: 2F 1-2: Ball 2-2: Ball 3-2: Base on Balls
|
|
Batting: RHB Alfred Welch
|
0-0: Ball 1-0: Ball 2-0: Ball 3-0: Called Strike 3-1: Foul Ball, location: 2F 3-2: Strikes out swinging
|
|
Batting: RHB Jim Opie
|
0-0: Ball 1-0: Fly out, F3 (Popup, 3L, EV 78.8 MPH)
|
| Top of the 5th over - 0 runs, 0 hits, 0 errors, 1 left on base; Mobile 5 - Jacksonville 1 |
| BOTTOM OF THE 5TH |
|
Jacksonville Suns batting - Pitching for Mobile Bears : RHP Antonio Morales
|
|
Batting: LHB Donald Elliott
|
0-0: Called Strike 0-1: Swinging Strike 0-2: Ball 1-2: Strikes out swinging
|
|
Batting: LHB Michael Kelly
|
0-0: Called Strike 0-1: Foul Ball, location: 2F 0-2: Ball 1-2: Foul Ball, location: 2F 1-2: Foul Ball, location: 2F 1-2: Foul Ball, location: 2F 1-2: DOUBLE (Flyball, 78D, EV 105.6 MPH)
|
|
Batting: SHB Joe Morales
|
0-0: Ball 1-0: Foul Ball, location: 2F 1-1: Foul Ball, location: 2F 1-2: Ground out 5-3 (Groundball, 5L, EV 93.8 MPH)
|
|
Batting: RHB Henry Powell
|
0-0: Foul Ball, location: 2F 0-1: Ball 1-1: Ball 2-1: Foul Ball, location: 2F 2-2: Ground out 5-3 (Groundball, 5S, EV 92.5 MPH)
|
| Bottom of the 5th over - 0 runs, 1 hit, 0 errors, 1 left on base; Mobile 5 - Jacksonville 1 |
| TOP OF THE 6TH |
|
Mobile Bears batting - Pitching for Jacksonville Suns : RHP Allan Ramirez
|
|
Batting: LHB Jeffrey Szczecinski
|
0-0: Swinging Strike 0-1: Ground out 4-3 (Groundball, 4, EV 103.1 MPH)
|
|
Batting: RHB Bob Hendershot
|
0-0: Ball 1-0: Ball 2-0: Called Strike 2-1: Foul Ball, location: 2F 2-2: Ground out 6-3 (Groundball, 56, EV 105.6 MPH)
|
|
Batting: LHB Franklin Stubbs
|
0-0: Called Strike 0-1: Ball 1-1: Called Strike 1-2: Foul Ball, location: 2F 1-2: Foul Ball, location: 2F 1-2: Strikes out swinging
|
| Top of the 6th over - 0 runs, 0 hits, 0 errors, 0 left on base; Mobile 5 - Jacksonville 1 |
| BOTTOM OF THE 6TH |
|
Jacksonville Suns batting - Pitching for Mobile Bears : RHP Antonio Morales
|
|
Batting: SHB Rafael Landestoy
|
0-0: Called Strike 0-1: Ball 1-1: Ball 2-1: Ground out U3 (Groundball, 3, EV 88.1 MPH)
|
|
Batting: RHB Lyle Brackenridge
|
0-0: Ball 1-0: Fly out, F7 (Flyball, 78D, EV 101.9 MPH)
|
|
Batting: LHB Andy Carlton
|
0-0: Called Strike 0-1: Swinging Strike 0-2: Strikes out swinging
|
| Bottom of the 6th over - 0 runs, 0 hits, 0 errors, 0 left on base; Mobile 5 - Jacksonville 1 |
| TOP OF THE 7TH |
|
Mobile Bears batting - Pitching for Jacksonville Suns : RHP Allan Ramirez
|
|
Batting: SHB Dave Cochrane
|
0-0: Ball 1-0: Foul Ball, location: 2F 1-1: Foul Ball, location: 2F 1-2: Ball 2-2: Ball 3-2: SINGLE (Flyball, 3D, EV 86.9 MPH)
|
|
Batting: LHB Ken Smith
|
0-0: Called Strike 0-1: Called Strike 0-2: Fly out, F7 (Flyball, 7, EV 93.8 MPH)
|
|
Batting: SHB Paul Hundhammer
|
0-0: Grounds into double play, 6-4-3 (Groundball, 6, EV 79.4 MPH)
|
| Top of the 7th over - 0 runs, 1 hit, 0 errors, 0 left on base; Mobile 5 - Jacksonville 1 |
| BOTTOM OF THE 7TH |
|
Jacksonville Suns batting - Pitching for Mobile Bears : RHP Antonio Morales
|
|
Batting: RHB Edward Packard
|
0-0: Ball 1-0: Ball 2-0: Foul Ball, location: 2F 2-1: Ball 3-1: Base on Balls
|
|
Batting: LHB Pete M O'Brien
|
0-0: Ball 1-0: Ball 2-0: Called Strike 2-1: Ball 3-1: SINGLE (Line Drive, 56D, EV 95.6 MPH) Edward Packard to second
|
|
Batting: LHB Donald Elliott
|
0-0: DOUBLE (Flyball, 78D, EV 109.4 MPH) Edward Packard scores Pete M O'Brien to third
|
|
Batting: LHB Michael Kelly
|
0-0: Fly out, F6 (Popup, 56, EV 69.4 MPH)
|
|
Batting: SHB Joe Morales
|
0-0: Called Strike 0-1: Ball 1-1: Ball 2-1: Called Strike 2-2: SINGLE (Groundball, 34D, EV 103.8 MPH) Pete M O'Brien scores Donald Elliott to third
|
|
Batting: RHB Henry Powell
|
0-0: Ball Joe Morales steals 2nd base (no throw) 1-0: Called Strike 1-1: Called Strike 1-2: Ground out 5-3 (Groundball, 56, EV 81.9 MPH) Donald Elliott scores
|
|
Batting: SHB Rafael Landestoy
|
0-0: Fly out, F8 (Line Drive, 8LM, EV 94.4 MPH)
|
| Bottom of the 7th over - 3 runs, 3 hits, 0 errors, 1 left on base; Mobile 5 - Jacksonville 4 |
| TOP OF THE 8TH |
|
Mobile Bears batting - Pitching for Jacksonville Suns : RHP Allan Ramirez
|
|
Pitching: LHP Joe Gilbert
|
|
|
Batting: LHB Douglas Latrenta
|
0-0: Called Strike 0-1: Ball 1-1: Swinging Strike 1-2: Strikes out swinging
|
|
Batting: RHB Alfred Welch
|
0-0: Called Strike 0-1: Called Strike 0-2: Ball 1-2: Fly out, F9 (Flyball, 9LS, EV 85.6 MPH)
|
|
Batting: RHB Jim Opie
|
0-0: Fly out, F7 (Flyball, 7, EV 72.5 MPH)
|
| Top of the 8th over - 0 runs, 0 hits, 0 errors, 0 left on base; Mobile 5 - Jacksonville 4 |
| BOTTOM OF THE 8TH |
|
Jacksonville Suns batting - Pitching for Mobile Bears : RHP Antonio Morales
|
|
Batting: RHB Lyle Brackenridge
|
0-0: Ball 1-0: Called Strike 1-1: Foul Ball, location: 2F 1-2: Foul Ball, location: 2F 1-2: Reached on error, E4 (Groundball, 4, EV 98.8 MPH)
|
|
Batting: LHB Andy Carlton
|
0-0: Ball 1-0: Swinging Strike 1-1: Foul Ball, location: 2F 1-2: Strikes out looking
|
|
Batting: RHB Edward Packard
|
0-0: DOUBLE (Line Drive, 89XD, EV 104.4 MPH) Lyle Brackenridge to third Runner from 3rd tries for Home, SAFE, throw by CF to home
|
|
Batting: LHB Pete M O'Brien
|
0-0: Swinging Strike 0-1: Ball 1-1: Swinging Strike 1-2: Strikes out swinging
|
|
Pitching: RHP Harold Kelly
|
|
|
Batting: LHB Donald Elliott
|
0-0: Called Strike 0-1: Foul Ball, location: 2F 0-2: Ball 1-2: Ball 2-2: Fly out, F7 (Flyball, 7LS, EV 93.8 MPH)
|
| Bottom of the 8th over - 1 run, 1 hit, 1 error, 1 left on base; Mobile 5 - Jacksonville 5 |
| TOP OF THE 9TH |
|
Mobile Bears batting - Pitching for Jacksonville Suns : LHP Joe Gilbert
|
|
Batting: LHB Jeffrey Szczecinski
|
0-0: Foul Ball, location: 2F 0-1: Swinging Strike 0-2: Ball 1-2: Foul Ball, location: 2F 1-2: Ball 2-2: Ball 3-2: Fly out, F8 (Flyball, 78M, EV 95.6 MPH)
|
|
Batting: RHB Bob Hendershot
|
0-0: DOUBLE (Line Drive, 78XD, EV 100.6 MPH)
|
|
Batting: LHB Franklin Stubbs
|
0-0: Ball 1-0: Fly out, F7 (Flyball, 78S, EV 89.4 MPH)
|
|
Batting: SHB Dave Cochrane
|
0-0: Intentional Walk
|
|
Batting: LHB Ken Smith
|
0-0: Swinging Strike 0-1: Ball 1-1: Called Strike 1-2: Strikes out swinging
|
| Top of the 9th over - 0 runs, 1 hit, 0 errors, 2 left on base; Mobile 5 - Jacksonville 5 |
| BOTTOM OF THE 9TH |
|
Jacksonville Suns batting - Pitching for Mobile Bears : RHP Harold Kelly
|
|
Batting: LHB Michael Kelly
|
0-0: Called Strike 0-1: Ball 1-1: Foul Ball, location: 2F 1-2: Ball 2-2: Strikes out looking
|
|
Batting: SHB Joe Morales
|
0-0: Reached on error, E8 (Flyball, 8LS, EV 93.1 MPH)
|
|
Batting: RHB Henry Powell
|
0-0: Ball 1-0: Ball 2-0: SINGLE (Line Drive, 89M, EV 94.4 MPH) Joe Morales to second Runner from 2nd tries for 3rd, SAFE, no throw by RF
|
|
Batting: SHB Rafael Landestoy
|
0-0: Called Strike 0-1: Ball 1-1: Fly out, F7 (Flyball, 7, EV 76.9 MPH) Runner from 3rd tags up, SCORES, no throw by LF
|
| Bottom of the 9th over - 1 run, 1 hit, 1 error, 0 left on base; Mobile 5 - Jacksonville 6 |
|